 Dungeon Crawl Stone Soup version 0.24.0-2-g5b39cebb1c (webtiles) character file.

Game seed: 8085676587522700008, levelgen mode: deterministic

128 Descartes the Insei (level 5, 0/28 HPs)
             Began as a Vine Stalker Monk on Oct 31, 2019.
             Slain by Sigmund
             ... wielding a +1 scythe of flaming
              (6 damage)
             ... on level 3 of the Dungeon.
             The game lasted 00:05:27 (3257 turns).

Descartes the Insei (Vine Stalker Monk)             Turns: 3257, Time: 00:05:28

Health: 0/28       AC:  8    Str: 15    XL:     5   Next: 11%
Magic:  0/6        EV:  7    Int: 10    God:
Gold:   97         SH:  0    Dex: 16    Spells: 4/4 levels left

rFire    . . .     SeeInvis .     - Unarmed
rCold    . . .     Gourm    .   (no shield)
rNeg     . . .     Faith    .   i - +0 chain mail (curse)
rPois    .         Spirit   +   (no helmet)
rElec    .         Reflect  .   (no cloak)
rCorr    .         Harm     .   (no gloves)
MR       .....                  (no boots)
Stlth    ..........             (no amulet)
HPRegen  0.49/turn              (no ring)
MPRegen  0.10/turn              (no ring)

@: no status effects
A: fangs 2, regeneration 1, magic shield, antimagic bite, no potion heal 3, rot
immunity
a: no special abilities


You were on level 3 of the Dungeon.
You were not hungry.

You visited 1 branch of the dungeon, and saw 3 of its levels.

You collected 97 gold pieces.

Inventory:

Hand Weapons
 h - a +1 dagger of venom
Missiles
 e - 78 stones (quivered)
 f - 74 sling bullets
 g - 15 bolts
 p - 11 poisoned darts
Armour
 a - a +0 robe
 i - a cursed +0 chain mail (worn)
Jewellery
 j - an uncursed ring of wizardry {unknown}
Scrolls
 d - a scroll of amnesia {unknown}
 k - a scroll of teleportation {unknown}
 l - a scroll of identify {unknown}
 o - a scroll of magic mapping {unknown}
Potions
 c - a potion of degeneration {unknown}
 n - a potion of curing {unknown}
Comestibles
 b - 5 rations
 m - 2 chunks of flesh


   Skills:
 + Level 3.4 Fighting
 + Level 1.6 Armour
 + Level 3.1 Dodging
 - Level 2.4 Stealth
 + Level 3.8 Unarmed Combat


You had 4 spell levels left.
You didn't know any spells.
Your spell library was empty.

Dungeon Overview and Level Annotations

Branches:
Dungeon (3/15)

Altars:
Ashenzari
Fedhas
Ru

Annotations:
D:3 Sigmund


Innate Abilities, Weirdness & Mutations

You have extremely sharp teeth.
Your natural rate of healing is unusually fast.
When hurt, damage is shared between your health and your magic reserves.
Your bite disrupts and absorbs the magic of your enemies.
Potions cannot restore your health.
You are immune to rotting.


Message History

You hit Sigmund.
Sigmund is heavily wounded.
Sigmund's eyes start glowing with a red light.
Sigmund hits you with a +1 scythe of flaming.
* * * LOW HITPOINT WARNING * * *
Sigmund burns you.
* * * LOW HITPOINT WARNING * * *
You barely miss Sigmund. You bite Sigmund, but do no damage.
Sigmund is heavily wounded.
Your chain mail prevents you from hitting Sigmund.
You bite Sigmund, but do no damage.
Sigmund is heavily wounded.
Sigmund falters for a moment.
You hit Sigmund.
Sigmund is severely wounded.
Sigmund hits you but does no damage.
You hit Sigmund.
Sigmund is severely wounded.
Sigmund hits you with a +1 scythe of flaming!
You die...

r# ##### #..
##<..##### #..##
##.[.......
...#.####..@.......
###
#.........@....##.
....
#...####.......#
....##
#..#........##
......
#....###.......
#...)##.##..#
######## #..†# #..#
##..###.## ##.....#


You could see Sigmund.

Vanquished Creatures
  6 adders
  An ooze (D:1)
  4 worms (D:2)
  A dart slug (D:2)
  3 leopard geckos
  2 orcs
  2 giant cockroaches
  4 goblins (D:1)
  5 hobgoblins
  9 kobolds
  A quokka (D:2)
  3 bats
  4 frilled lizards
  8 rats
53 creatures vanquished.

Notes
Turn   | Place    | Note
-------+----------+-------------------------------------------
     0 | D:1      | Descartes the Vine Stalker Monk began the quest for the
                  | Orb.
     0 | D:1      | Reached XP level 1. HP: 11/11 MP: 2/2
    49 | D:1      | Reached XP level 2. HP: 5/16 MP: 3/3
   645 | D:1      | Reached XP level 3. HP: 9/20 MP: 2/4
  1306 | D:1      | Reached skill level 1 in Armour
  2321 | D:2      | Gained mutation: Your natural rate of healing is unusually
                  | fast. [Vine Stalker growth]
  2321 | D:2      | Reached XP level 4. HP: 24/24 MP: 5/5
  2358 | D:2      | Found a shattered altar of Ashenzari.
  3065 | D:2      | Found a blossoming altar of Fedhas.
  3066 | D:2      | Found a sacrificial altar of Ru.
  3189 | D:3      | Reached XP level 5. HP: 26/28 MP: 4/6
  3198 | D:3      | Noticed Sigmund
  3257 | D:3      | Slain by Sigmund

Levels and vault maps discovered:
D:1:      nzn_arrival_crosshair, layout_rooms, serial_forest,
          infiniplex_forest_lined_room_3, infiniplex_forest_clump_diagonal,
          infiniplex_forest_lined_corner, infiniplex_forest_end_3,
          infiniplex_forest_straight_1, infiniplex_forest_end_3
D:2:      layout_basic, gammafunk_temple_overflow_pools,
          nicolae_ashenzari_panopticon
D:3:      layout_loops_cross, minmay_misc_feat_five, minmay_vboxes,
          uniq_terence, uniq_sigmund

Skill      XL: |  1  2  3  4 |
---------------+-------------+-----
Fighting       | 3 |  3.4
Armour         | 1 |  1.6
Dodging        | 3 |  3.1
Stealth        | |  2.4
Unarmed Combat | |  3.8

Action                   |  1- 3 |  4- 6 || total
-------------------------+-------+-------++-------
Melee: Unarmed           |   127 |    93 ||   220
       Bite              |    35 |    31 ||    66
       Punch             |     2 |     2 ||     4
 Stab: Sleeping          |     2 |       ||     2
  Eat: Chunk             |     4 |     3 ||     7
Armor: Robe              |    10 |       ||    10
       Chain mail        |    20 |    39 ||    59
Dodge: Dodged            |    70 |    31 ||   101
